 Dungeon Crawl Stone Soup version 0.29.1-13-g9f3cf754e1 (webtiles) character file.

Game seed: 4222958487897768983

116 Revguard the Covered (level 5, -5/42 HPs)
             Began as a Barachi Fighter on Feb 2, 2023.
             Slain by a gnoll
             ... wielding a +0 flail
              (10 damage)
             ... on level 3 of the Dungeon.
             The game lasted 00:05:24 (2351 turns).

Revguard the Covered (Barachi Fighter)              Turns: 2351, Time: 00:05:30

Health: -5/42      AC:  7    Str: 19    XL:     5   Next: 0%
Magic:  5/5        EV: 13    Int:  8    God:
Gold:   122        SH:  4    Dex: 12    Spells: 4/4 levels left

rFire   . . .      SeeInvis .   a - +0 war axe
rCold   . . .      Faith    .   c - +0 buckler
rNeg    . . .      Spirit   .   b - +0 scale mail
rPois   .          Reflect  .   (no helmet)
rElec   .          Harm     .   (no cloak)
rCorr   .          Rampage  .   (no gloves)
Will    .....                   (no boots)
Stlth   ..........              (no amulet)
HPRegen 0.14/turn               n - +4 ring of evasion
MPRegen 0.09/turn               (no ring)

@: slow
A: amphibious, slowness 1, strong legs 1, +LOS
a: Hop


You were on level 3 of the Dungeon.
You visited 1 branch of the dungeon, and saw 3 of its levels.

You collected 122 gold pieces.

Inventory:

Hand Weapons
 a - a +0 war axe (weapon)
Armour
 b - a +0 scale mail (worn)
 c - a +0 buckler (worn)
Jewellery
 n - a +4 ring of evasion (left hand)
Scrolls
 i - a scroll of summoning {unknown}
 k - 4 scrolls of vulnerability {unknown}
 l - a scroll of identify {unknown}
 m - a scroll of butterflies {unknown}
Potions
 d - a potion of might
 e - a potion of invisibility {unknown}
 f - a potion of degeneration {unknown}
 g - 2 potions of attraction {unknown}
 h - a potion of cancellation {unknown}
 j - 3 potions of curing {unknown}


   Skills:
 + Level 4.2 Fighting
 + Level 3.0 Axes
 + Level 4.2 Armour
 + Level 1.3 Dodging
 + Level 3.8 Shields
 + Level 0.9 Invocations
 + Level 1.5 Evocations


You had 4 spell levels left.
You didn't know any spells.
Your spell library was empty.

Dungeon Overview and Level Annotations

Branches:
Dungeon (3/15)

Altars:

Shops:
D:1 !


Innate Abilities, Weirdness & Mutations

You are amphibious.
You cover ground slowly.
You can hop short distances.
You have an extended range of vision and can be seen from far away.


Message History

A frilled lizard comes into view.
The frilled lizard hisses angrily.
The rat completely misses you. The gnoll closely misses you.
You see here a +0 flail.
You hit the gnoll but do no damage. You slash the rat!
You kill the rat!
You hit the gnoll. The gnoll misses you. You block the gnoll's attack.
You closely miss the gnoll. x2; You hit the gnoll but do no damage.
The gnoll hits you but does no damage. x2; The gnoll closely misses you.
You block the gnoll's attack. The gnoll barely misses you.
The gnoll completely misses you.
You slash the gnoll!
The gnoll is heavily wounded.
You closely miss the gnoll. x2; The gnoll hits you with a +0 flail.
You block the gnoll's attack. The gnoll hits you with a +0 flail.
You closely miss the gnoll.
The gnoll is heavily wounded.
You hit the gnoll. You hit the gnoll but do no damage.
The gnoll barely misses you. The gnoll closely misses you.
The gnoll hits you with a +0 flail.
You hit the gnoll.
The gnoll is severely wounded.
You slash the gnoll! You hit the gnoll. The gnoll hits you with a +0 flail.
The gnoll hits you but does no damage. The gnoll barely misses you.
The gnoll closely misses you. The gnoll barely misses you. x2
You slash the gnoll!
You kill the gnoll!
You hit the gnoll but do no damage. You barely miss the gnoll.
The gnoll barely misses you. The gnoll hits you with a +0 flail!
* * * LOW HITPOINT WARNING * * *
Your Axes skill increases to level 3!
You have reached level 5!
You slash the gnoll!
You kill the gnoll!
You slash the frilled lizard!
You kill the frilled lizard!
You completely miss the gnoll. The gnoll hits you with a +0 flail.
* * * LOW HITPOINT WARNING * * *
The gnoll hits you with a +0 flail!
You die...

##......... .....
#.........# .....
###........... ...#
#........##. .##..#
#.#..###.#. ....# #.#..#
#.##.#####..+
##....#.............#
#....................
#...@..#.............
#......))g..##...........
##.##.......# #..........
# ..........#.##......##
#............##.#....#.#
#.##.........# #.#..# #.
#. #..........#. #.. # #
#...........##... #.
##..#........... ...


You could see a gnoll.

Vanquished Creatures
  3 gnolls (D:3)
  2 adders
  2 worms (D:2)
  A dart slug (D:2)
  11 ball pythons
  7 bats
  4 endoplasms
  5 giant cockroaches
  4 goblins
  4 hobgoblins (D:1)
  6 jackals
  4 quokkas
  4 frilled lizards
  7 kobolds
  6 rats
70 creatures vanquished.

Notes
Turn   | Place    | Note
-------+----------+-------------------------------------------
     0 | D:1      | Revguard the Barachi Fighter began the quest for the Orb.
     0 | D:1      | Reached XP level 1. HP: 18/18 MP: 1/1
   133 | D:1      | Reached XP level 2. HP: 25/25 MP: 2/2
   454 | D:1      | Reached XP level 3. HP: 29/30 MP: 3/3
   481 | D:1      | Found Asoaw's Distillery.
   739 | D:1      | Reached skill level 1 in Dodging
   934 | D:2      | Reached skill level 1 in Evocations
  1205 | D:2      | Reached XP level 4. HP: 37/37 MP: 4/4
  2000 | D:2      | Found a faded altar of an unknown god.
  2351 | D:3      | Reached XP level 5. HP: 7/42 MP: 5/5
  2351 | D:3      | Slain by a gnoll

Illustrated notes

Levels and vault maps discovered:
D:1:      wander_arrival_chamber, layout_basic, serial_shops,
          nicolae_shop_temple_entry_statues_fountains, kennysheep_small_spiral
D:2:      layout_loops_corners, hellmonk_ecumenical_altar_leap_of_faith
D:3:      layout_basic, minmay_misc_feat_secret_circle

Skill      XL: |  1  2  3  4 |
---------------+-------------+-----
Armour         | 4 |  4.2
Dodging        | 1 |  1.3
Evocations     | 1 |  1.5
Fighting       | 4 |  4.2
Axes           | 3 |  3.0
Shields        | |  3.8
Invocations    | |  0.9

Action                   |  1- 3 |  4- 6 || total
-------------------------+-------+-------++-------
Melee: War axe           |   107 |    84 ||   191
Armor: Scale mail        |    74 |    44 ||   118
Dodge: Dodged            |    54 |    71 ||   125
Block: Buckler           |    27 |    24 ||    51
